 Dungeon Crawl Stone Soup version 0.31-a0-233-g139696dc86 (webtiles) character file.

Game seed: 9540456058684992203

53 qw the Shooter (level 3, -3/29 HPs)
             Began as a Minotaur Hexslinger on July 9, 2023.
             Slain by a worm (7 damage)
             ... on level 2 of the Dungeon.
             The game lasted 00:00:18 (908 turns).

qw the Shooter (Minotaur Hexslinger)                 Turns: 908, Time: 00:00:20

Health: -3/29      AC:  5    Str: 12    XL:     3   Next: 62%
Magic:  3/3        EV: 11    Int: 10    God:
Gold:   51         SH:  0    Dex: 14    Spells: 3/4 levels left

rFire   . . .        Y - +1 sling
rCold   . . .        (no shield)
rNeg    . . .        g - +0 ring mail
rPois   .            (helmet restricted)
rElec   .            (no cloak)
rCorr   .            (no gloves)
SInv    .            (no boots)
Will    .....        (no amulet)
Stlth   +            (no ring)
HPRegen 0.24/turn    (no ring)
MPRegen 0.08/turn

%: no passive effects
@: about to teleport
A: horns 2, retaliatory headbutt
a: no special abilities


You were on level 2 of the Dungeon.
You visited 1 branch of the dungeon, and saw 2 of its levels.

You collected 51 gold pieces.


Innate Abilities, Weirdness & Mutations

You have a pair of horns on your head.
You reflexively headbutt those who attack you in melee.


   Skills:
 - Level 2.0 Fighting
 - Level 4.1 Ranged Weapons
 + Level 0.1 Armour
 - Level 2.1 Dodging
 - Level 1.0 Spellcasting
 - Level 2.0 Hexes


You had 3 spell levels left.
You knew the following spells:

 Your Spells              Type           Power      Damage    Failure   Level
a - Slow                  Hex            16%        N/A       34%         1

Your spell library contained the following spells:

 Spells                   Type           Power      Damage    Failure   Level
 Inner Flame              Hex/Fire       2%         N/A       83%         3
 Portal Projectile        Hex/Tloc       4%         N/A       83%         3
 Cause Fear               Hex            2%         N/A       98%         4

Inventory:

Hand Weapons
 Y - a +1 sling (weapon)
Armour
 g - a +0 ring mail (worn)
Potions
 f - a potion of attraction {unknown}
 h - a potion of curing {unknown}

Dungeon Overview and Level Annotations

Branches:
Dungeon (2/15)

Altars:


Message History

The worm is moderately wounded.
A rat comes into view.
The worm barely misses you.
You shoot a sling bullet.
The sling bullet completely misses the worm.
The kobold hits you with a +0 short sword.
You shoot a sling bullet. The sling bullet hits the worm.
The worm is heavily wounded.
The rat twitches its whiskers.
The kobold hits you but does no damage. The worm bites you!
You shoot a sling bullet.
The sling bullet barely misses the worm.
The kobold hits you but does no damage. The worm barely misses you.
You shoot a sling bullet. The sling bullet hits the worm.
The worm is heavily wounded.
The kobold hits you but does no damage.
The kobold hits you with a +0 short sword.
The worm bites you.
You shoot a sling bullet.
The sling bullet barely misses the worm.
The sling bullet hits the rat!
You kill the rat!
The kobold barely misses you.
You shoot a sling bullet. The sling bullet hits the worm.
The worm is severely wounded.
The kobold completely misses you. The worm closely misses you.
You shoot a sling bullet.
The sling bullet hits the worm but does no damage.
The worm is severely wounded.
The kobold hits you with a +0 short sword.
The worm bites you. The kobold closely misses you. You furiously retaliate!
You headbutt the kobold.
907 ||| READING scroll of teleportation.
As you read the scroll of teleportation, it crumbles to dust.
You feel strangely unstable. The kobold hits you but does no damage.
You shoot a sling bullet. The sling bullet hits the kobold.
You kill the kobold!
The worm bites you!
You die...

#.# #.# #.#
.### #.## ###
.....#..####..
#......##.#
####..>##.#
###.##.#######
#.##@w)....#
#.)..)#.....
#####.# .## .#
.. .## .. ##


You could see a worm.

Vanquished Creatures
  2 adders
  A dart slug (D:1)
  4 ball pythons
  3 endoplasms
  2 goblins (D:1)
  4 hobgoblins
  3 quokkas (D:1)
  5 bats
  A frilled lizard (D:1)
  4 kobolds
  2 rats (D:2)
31 creatures vanquished.

Notes
Turn   | Place    | Note
-------+----------+-------------------------------------------
     0 | D:1      | qw the Minotaur Hexslinger began the quest for the Orb.
     0 | D:1      | Reached XP level 1. HP: 16/16 MP: 1/1
     0 | D:1      | 0 ||| qw: Version: 0.3-a-51-g015441d
     0 | D:1      | 0 ||| qw: Game counter: 3871
     0 | D:1      | 0 ||| qw: Melee chars always use a shield: true
     0 | D:1      | 0 ||| qw: God list: Okawaru
     0 | D:1      | 0 ||| qw: Allow faded altars: false
     0 | D:1      | 0 ||| qw: Do Orc after clearing Dungeon:15 true
     0 | D:1      | 0 ||| qw: Do second Lair branch before Depths: true
     0 | D:1      | 0 ||| qw: Lair rune preference: random
     0 | D:1      | 0 ||| qw: Goals: Normal
     0 | D:1      | 0 ||| PLANNING D:1-11
   112 | D:1      | Reached skill level 3 in Ranged Weapons
   112 | D:1      | Reached XP level 2. HP: 23/23 MP: 2/2
   642 | D:1      | 642 ||| UPGRADING to +0 leather armour.
   652 | D:1      | 652 ||| DROPPING +0 robe.
   653 | D:1      | 653 ||| UPGRADING to +0 ring mail.
   663 | D:1      | 663 ||| DROPPING +0 leather armour.
   664 | D:1      | 664 ||| READING scroll labelled JAUGAI WYWAUCW.
   667 | D:1      | 667 ||| DROPPING scroll of poison.
   705 | D:2      | 705 ||| STAIRDANCE
   708 | D:1      | Reached XP level 3. HP: 8/29 MP: 3/3
   709 | D:1      | HP: 6/29 [poisoned by an adder]
   898 | D:2      | Reached skill level 4 in Ranged Weapons
   906 | D:2      | HP: 3/29 [worm (5)]
   907 | D:2      | 907 ||| READING scroll of teleportation.
   908 | D:2      | Slain by a worm

Levels and vault maps discovered:
D:1:      scummos_arrival_forest, layout_basic, minmay_misc_feat_five,
          minmay_door_square, nrook_campfire
D:2:      layout_basic, basic_ecumenical_altar

Skill      XL: |  1  2  3 |
---------------+----------+-----
Ranged Weapons | 3 4 |  4.1
Fighting       | 2 |  2.0
Armour         | |  0.1
Dodging        | |  2.1
Spellcasting   | |  1.0
Hexes          | |  2.0

Action                     || total
---------------------------++-------
   Fire: Sling             ||    81
    Use: Scroll            ||     2
 Armour: Ring mail         ||    10
         Robe              ||     3
  Dodge: Dodged            ||    32

Table legend:
 A = Non-vault XP
 B = Vault XP
 C = Vault XP percentage of total XP
 D = Non-vault monster count
 E = Vault monster count
 F = Vault count percentage of total count
                 A         B        C        D         E       F
            +---------+---------+-------+---------+---------+-------
      Total |      77 |       0 |   0.0 |      31 |       0 |   0.0
            +---------+---------+-------+---------+---------+-------
        D:1 |      50 |       0 |   0.0 |      21 |       0 |   0.0
        D:2 |      27 |       0 |   0.0 |      10 |       0 |   0.0
            +---------+---------+-------+---------+---------+-------
